 Dungeon Crawl Stone Soup version 0.30-a0-867-g305f33218d (webtiles) character file.

Game seed: 14274746341057963906

11449 Zenkrye the Spear-Bearer (level 12, -1/94 HPs)
             Began as a Human Cinder Acolyte on Mar 10, 2023.
             Was a High Priest of Ignis.
             Slain by a komodo dragon (21 damage)
             ... on level 11 of the Dungeon.
             The game lasted 00:40:21 (13067 turns).

Zenkrye the Spear-Bearer (Human Cinder Acolyte)    Turns: 13067, Time: 00:40:21

Health: -1/94      AC: 26    Str: 19    XL:     12   Next: 7%
Magic:  6/16       EV: 11    Int: 15    God:    Ignis [*****.]
Gold:   692        SH:  0    Dex:  9    Spells: 13/17 levels left

rFire   + + +      SeeInvis +    m - +0 trident (protect)
rCold   + . .      Faith    .    (no shield)
rNeg    + . .      Spirit   .    n - +0 scale mail
rPois   .          Reflect  .    q - +2 hat
rElec   .          Rampage  .    F - scarf {rC+ rF+}
rCorr   .                        J - +1 pair of gloves
Will    +....                    (no boots) Stlth
                                 (no amulet)
HPRegen 0.35/turn                R - ring "Ijanym" {rF+ rN+ Will+}
MPRegen 0.15/turn                Y - ring of see invisible

@: under a protective aura, fiery-armoured, very slightly contaminated, hasted,
very quick
A: no striking features
a: Renounce Religion, Fiery Armour, Foxfire Swarm, Rising Flame


You were on level 11 of the Dungeon.
You worshipped Ignis.
Ignis was extremely pleased with you.
You visited 1 branch of the dungeon, and saw 11 of its levels.
You also visited: Ossuary.

You collected 692 gold pieces.

Inventory:

Hand Weapons
 a - a +0 spear of flaming
 m - a +0 trident of protection (weapon)
 I - a +4 spear
 Z - a +4 sling of freezing
Missiles
 g - 4 boomerangs
 k - 3 atropa-tipped darts
 u - 6 silver javelins
 E - 11 poisoned darts (quivered)
 K - 3 javelins
Armour
 j - the +2 leather armour "Yjung" {rC+ Int+3}
   (You found it on level 3 of the Dungeon)

   Int:       It affects your intelligence (+3).
   rC:        It protects you from cold.
 n - a +0 scale mail (worn)
 q - a +2 hat (worn)
 w - a +0 scale mail of willpower
 y - the +3 ring mail "Sufit" {Harm rPois rC+ Int+3}
   (You found it on level 4 of the Dungeon)

   Int:       It affects your intelligence (+3).
   rC:        It protects you from cold.
   rPois:     It protects you from poison.
   Harm:      It increases damage dealt and taken.
 F - a scarf of resistance (worn)
 J - a +1 pair of gloves (worn)
 L - a +0 chain mail
 V - +0 swamp dragon scales
 W - +0 steam dragon scales
 X - +0 acid dragon scales
Magical Staves
 e - a staff of air
Jewellery
 c - a ring of ice
 o - a ring of poison resistance
 r - a ring of resist corrosion
 Q - a ring of flight
 R - the ring "Ijanym" (left hand) {rF+ rN+ Will+}
   (You acquired it on level 8 of the Dungeon)

   [ring of protection from fire]

   rF:        It protects you from fire.
   rN:        It protects you from negative energy.
   Will:      It increases your willpower.
 Y - a ring of see invisible (right hand)
Wands
 b - a wand of roots (9)
 v - a wand of polymorph (10)
 C - a wand of light (5)
 H - a wand of mindburst (3)
 M - a wand of charming (15)
 T - a wand of flame (3)
Scrolls
 f - 5 scrolls of immolation
 p - a scroll of teleportation {@r3}
 t - 6 scrolls of fear
 A - 2 scrolls of silence
 B - 6 scrolls of poison
 D - 4 scrolls of blinking {@r4}
 G - 3 scrolls of magic mapping
 N - 2 scrolls of enchant armour
Potions
 d - 3 potions of mutation
 h - 4 potions of heal wounds {@q2}
 l - 9 potions of haste {@q3}
 s - 7 potions of curing {@q1}
 x - a potion of ambrosia
 z - 3 potions of flight
 O - 2 potions of cancellation
 P - a potion of berserk rage {unknown}
 S - 2 potions of resistance {unknown}
 U - a potion of lignification {unknown}


   Skills:
 + Level 8.5 Fighting
 - Level 12.0 Polearms
 + Level 7.8 Armour
 + Level 6.0 Dodging
 - Level 3.0 Spellcasting
 - Level 3.0 Translocations
 - Level 4.0 Fire Magic
 + Level 3.7 Evocations


You had 13 spell levels left.
You knew the following spells:

 Your Spells              Type           Power      Damage    Failure   Level
a - Scorch                Fire           28%        2d6       16%         2
b - Blink                 Tloc           22%        N/A       22%         2

Your spell library contained the following spells:

 Spells                   Type           Power      Damage    Failure   Level
 Kiss of Death            Conj/Necr      8%         2d6       45%         1
 Magic Dart               Conj           8%         1d3       45%         1
 Kindle Blastsparks       Fire/Tloc/Air  18%        2d11      52%         3
 Searing Ray              Conj           4%         2d4       61%         2
 Ignite Poison            Fire/Tmut/Pois 6%         N/A       67%         3
 Confusing Touch          Hex            2%         N/A       83%         3
 Hailstorm                Conj/Ice       2%         3d3       83%         3
 Manifold Assault         Tloc           11%        N/A       83%         4
 Animate Armour           Summ/Erth      4%         N/A       99%         4
 Dispel Undead            Necr           2%         3d7       99%         4
 Fulminant Prism          Conj/Hex       1%         3d5       99%         4
 Ice Form                 Ice/Tmut       2%         N/A       99%         4
 Blade Hands              Tmut           1%         N/A       100%        5
 Freezing Cloud           Conj/Ice/Air   1%         6-21      100%        5
 Iron Shot                Conj/Erth      1%         9d1       100%        6
 Simulacrum               Ice/Necr       1%         N/A       100%        6
 Storm Form               Tmut/Air       1%         N/A       100%        7


Dungeon Overview and Level Annotations

Branches:
Dungeon (11/15)            Temple (0/1) D:5            Lair (0/5) D:10
Ossuary (visited)
    Orc: D:9-12

Altars:
Cheibriados
Dithmenos
Okawaru
Qazlal
Ru
Uskayaw
Xom
The Shining One

Annotations:
D:9 2 transporters, mandoloar's ghost, journeyman GnVM


Message History

Unknown command.
Unknown command.
You start resting.
A komodo dragon is nearby!
You are too injured to fight recklessly!
Casting: Scorch (safe; 16% risk of failure)
Confirm with . or Enter, or press ? or * to list all spells.
Flames lash the komodo dragon.
The komodo dragon is lightly wounded.
The komodo dragon's fire resistance burns away.
Casting: Scorch (safe; 16% risk of failure)
Confirm with . or Enter, or press ? or * to list all spells.
You miscast Scorch.
You are very lightly contaminated with residual magic.
Nothing appears to happen.
The komodo dragon is no longer more vulnerable to fire.
Casting: Scorch (safe; 16% risk of failure)
Confirm with . or Enter, or press ? or * to list all spells.
Flames lash the komodo dragon.
The komodo dragon is lightly wounded.
The komodo dragon's fire resistance burns away.
You hear a shout!
You hit the komodo dragon but do no damage.
Your weapon exudes an aura of protection.
The komodo dragon is lightly wounded.
You barely miss the komodo dragon.
The komodo dragon is lightly wounded.
The komodo dragon bites you!!
* * * LOW HITPOINT WARNING * * *
The komodo dragon is burned terribly!
The komodo dragon is burned by your cloak of flames.
The komodo dragon is moderately wounded.
You hit the komodo dragon but do no damage.
The komodo dragon is moderately wounded.
Casting: Scorch (safe; 16% risk of failure)
Confirm with . or Enter, or press ? or * to list all spells.
Flames lash the komodo dragon.
The komodo dragon is burned terribly!
The komodo dragon is moderately wounded.
The komodo dragon bites you!!
You die...

.......<......#
..............#
....#.........##
##. .##
#..........###...
............#....#
####+#####.....#
#....## #..### #
#@## #l#.#.#l#
......'.#
#.###.#.# #.#.# #
#.. #.. #... #...


You could see a komodo dragon (combustible).

Vanquished Creatures
  2 two-headed ogres
  A boulder beetle (D:10)
  2 komodo dragons (D:11)
  A hornet (D:7)
  2 trolls (D:11)
  A blink frog (D:9)
  A wyvern (D:10)
  A wraith (D:11)
  14 yaks
  2 shadows (D:10)
  4 steam dragons
  Menkaure (D:6)
  4 vampire mosquitoes (D:10)
  2 acid dragons
  A water moccasin (D:7)
  3 orc warriors
  2 ice beasts
  4 black bears
  A sky beast (D:6)
  An ogre (D:7)
  2 centaurs
  A phantom (D:5)
  3 bullfrogs
  A kobold brigand (D:9)
  3 scorpions
  10 wights (D:6)
  15 killer bees
  6 electric eels (D:10)
  3 jellies
  8 orc priests
  3 hounds
  10 orc wizards
  A sleepcap (D:5)
  An iguana (D:7)
  4 mummies (Ossuary)
  4 gnolls
  4 adders
  A shadow imp (D:6)
  A white imp (D:7)
  3 ufetubi
  2 worms (D:2)
  3 dart slugs
  28 orcs
  7 endoplasms
  4 giant cockroaches
  2 gnoll zombies (Ossuary)
  3 goblins
  8 hobgoblins
  3 jackals (D:3)
  13 quokkas
  3 ball pythons
  9 bats
  7 frilled lizards
  3 gnoll skeletons (Ossuary)
  5 goblin skeletons (Ossuary)
  4 goblin zombies (Ossuary)
  5 hobgoblin skeletons (Ossuary)
  7 hobgoblin zombies (Ossuary)
  25 kobolds
  4 kobold skeletons (Ossuary)
  A kobold zombie (Ossuary)
  4 orc skeletons (Ossuary)
  3 orc zombies (Ossuary)
  3 rats (D:1)
  4 rat skeletons (Ossuary)
  8 rat zombies (Ossuary)
302 creatures vanquished.

Vanquished Creatures (others)
  An unseen horror (D:11)
  2 orc wizards
  31 plants
34 creatures vanquished.

Grand Total: 336 creatures vanquished

Notes
Turn   | Place    | Note
-------+----------+-------------------------------------------
     0 | D:1      | Zenkrye the Human Cinder Acolyte began the quest for the
                  | Orb.
     0 | D:1      | Reached XP level 1. HP: 18/18 MP: 2/2
    59 | D:1      | Reached XP level 2. HP: 24/24 MP: 3/3
    75 | D:1      | Learned a level 2 spell: Scorch
   269 | D:1      | Reached skill level 4 in Polearms
   269 | D:1      | Reached XP level 3. HP: 25/29 MP: 4/4
   435 | D:1      | Found a faded altar of an unknown god.
  1089 | D:2      | Reached XP level 4. HP: 35/35 MP: 5/5
  1425 | D:2      | Reached skill level 5 in Polearms
  1890 | D:3      | Identified the +2 leather armour "Yjung" {rC+ Int+3}
  2007 | D:3      | Reached XP level 5. HP: 41/41 MP: 6/6
  2670 | D:4      | Identified the +3 ring mail "Sufit" {Harm rPois rC+ Int+3}
  2990 | D:4      | Noticed a black bear
  2997 | D:4      | Killed a black bear
  2998 | D:4      | Reached skill level 6 in Polearms
  2998 | D:4      | Reached XP level 6. HP: 30/47 MP: 1/9
  3190 | D:5      | Entered Level 5 of the Dungeon
  3358 | D:5      | Reached XP level 7. HP: 52/52 MP: 5/10
  3599 | D:5      | Reached skill level 7 in Polearms
  3913 | D:5      | Found a hide-covered altar of Uskayaw.
  3915 | D:5      | Found a snail-covered altar of Cheibriados.
  4189 | D:5      | Found a staircase to the Ecumenical Temple.
  4196 | D:5      | Reached XP level 8. HP: 58/58 MP: 5/12
  4369 | D:5      | Learned a level 2 spell: Blink
  4402 | D:5      | Reached skill level 8 in Polearms
  4467 | D:6      | Noticed Menkaure
  4473 | D:6      | Killed Menkaure
  4474 | D:6      | Reached skill level 1 in Translocations
  4616 | D:6      | Reached skill level 9 in Polearms
  4879 | D:6      | Reached XP level 9. HP: 63/63 MP: 7/13
  4983 | D:6      | Reached skill level 10 in Polearms
  5692 | D:7      | Noticed a hornet
  5699 | D:7      | Killed a hornet
  5700 | D:7      | Reached skill level 1 in Armour
  5786 | D:7      | Reached skill level 11 in Polearms
  5957 | D:6      | Reached skill level 1 in Evocations
  6242 | D:7      | Noticed Edmund
  6473 | D:7      | Reached XP level 10. HP: 60/71 MP: 8/14
  7015 | D:7      | Edmund changed into Edmund the steam dragon
  7015 | D:7      | Noticed Edmund
  7027 | D:7      | Killed Edmund the steam dragon
  7142 | D:7      | Noticed Sigmund
  7149 | D:7      | Sigmund changed into Sigmund the endoplasm
  7149 | D:7      | Noticed Sigmund
  7152 | D:7      | Killed Sigmund the endoplasm
  7426 | D:8      | Found a sand-covered staircase.
  7433 | Ossuary  | Entered an ossuary
  7890 | D:8      | Identified a scroll of acquirement
  7890 | D:8      | Acquired the ring "Ijanym" {rF+ rN+ Will+}
  7998 | D:8      | Found a glowing golden altar of the Shining One.
  8272 | D:8      | Reached skill level 12 in Polearms
  8318 | D:8      | Reached skill level 5 in Fighting
  8538 | D:9      | Found an iron altar of Okawaru.
  8561 | D:9      | Noticed Joseph
  8562 | D:9      | Joseph changed into Joseph the blink frog
  8562 | D:9      | Noticed Joseph
  8617 | D:9      | Killed Joseph the blink frog
  8714 | D:9      | Found a transporter.
  8719 | D:9      | Found a transporter.
  8719 | D:9      | Noticed mandoloar's ghost (journeyman GnVM)
  8927 | D:9      | Noticed Maggie
  8934 | D:9      | Maggie changed into Maggie the yak
  8934 | D:9      | Noticed Maggie
  8952 | D:9      | Killed Maggie the yak
  8997 | D:9      | Found a shadowy altar of Dithmenos.
  9016 | D:9      | Noticed a two-headed ogre
  9055 | D:9      | Killed a two-headed ogre
  9056 | D:9      | Reached skill level 5 in Armour
  9056 | D:9      | Reached skill level 1 in Dodging
  9172 | D:9      | Found a sacrificial altar of Ru.
  9173 | D:9      | Noticed Maurice
  9186 | D:9      | Maurice changed into Maurice the gnoll
  9186 | D:9      | Noticed Maurice
  9188 | D:9      | Killed Maurice the gnoll
  9483 | D:9      | Reached XP level 11. HP: 56/83 MP: 15/15
  9756 | D:9      | Found a shimmering altar of Xom.
  9834 | D:10     | Entered Level 10 of the Dungeon
 10284 | D:10     | Noticed a boulder beetle
 10299 | D:10     | Killed a boulder beetle
 10481 | D:10     | Noticed a white ugly thing
 10565 | D:10     | Found a staircase to the Lair.
 11134 | D:10     | Found a stormy altar of Qazlal.
 11458 | D:10     | Noticed a two-headed ogre
 11465 | D:10     | Killed a two-headed ogre
 11958 | D:10     | Reached skill level 5 in Dodging
 12639 | D:11     | Noticed a deep troll earth mage
 13017 | D:11     | Reached XP level 12. HP: 49/94 MP: 14/16
 13067 | D:11     | Slain by a komodo dragon

Illustrated notes

Levels and vault maps discovered:
D:1:      dpeg_arrival_rooms_b, layout_loops_cross,
          shapermc_ecumenical_altar_mp_vishouse
D:2:      layout_loops_ring, minmay_goblin_kobold_house
D:3:      layout_basic
D:4:      layout_basic, hex_tiny, hex_large, minmay_misc_feat_more_columns,
          kennysheep_cross_bottleneck
D:5:      nicolae_cairo_tiling_very_big, layout_basic,
          chequers_temple_overflow_statue_of_worship,
          minmay_temple_entry_offerings, gup_sewer_entry_pipe
D:6:      layout_rooms, uniq_menkaure
D:7:      layout_loops_ring, minivault_27, sigmund_edmund_badplayer
D:8:      layout_cave_pools, mainiacjoe_overflow_brackets, enter_ossuary_1
D:9:      layout_layer_cave, mainiacjoe_overflow_surrounded_room,
          grunt_dithmenos_smoke_and_mirrors, okawaru_ov_weapons_minmay,
          amcnicky_altar_gilded, gammafunk_ghost_hive, uniq_joseph,
          uniq_maurice, uniq_maggie
D:10:     layout_gridville, grunt_qazlal_clouds, serial_bayou,
          serial_bayou_pond_b, serial_bayou_pond_c, serial_bayou_pond_a,
          serial_bayou_lagoon_a
D:11:     minmay_the_grid_net [minmay_the_grid_odd_star, minmay_the_grid_eight,
          minmay_the_grid_medium_cups, minmay_the_grid_plusring,
          minmay_the_grid_large_cup, minmay_the_grid_prize_inner_circle],
          layout_cave_pods, trog_butcher_becter

Skill      XL: |  1  2  3  4  5  6  7  8  9 10 11 12 |
---------------+-------------------------------------+-----
Polearms       | 4 5 6 7 9 11 12 | 12.0
Spellcasting   | 2 3 |  3.0
Fire Magic     | 4 |  4.0
Translocations | 3 |  3.0
Armour         | 2 5 7 |  7.8
Evocations     | 2 3 |  3.7
Fighting       | 4 6 8 |  8.5
Dodging        | 2 5 6 |  6.0

Action                     |  1- 3 |  4- 6 |  7- 9 | 10-12 || total
---------------------------+-------+-------+-------+-------++-------
  Melee: Spear             |    99 |    55 |       |       ||   154
         Punch             |     1 |     2 |       |     6 ||     9
         Trident           |       |   120 |   127 |   658 ||   905
  Throw: Dart              |     1 |     5 |     6 |    35 ||    47
         Boomerang         |       |     5 |    28 |    19 ||    52
   Cast: Scorch            |     3 |    15 |    83 |    79 ||   180
 Invoke: Fiery Armour      |       |       |       |     1 ||     1
  Evoke: Wand              |       |       |     1 |    29 ||    30
    Use: Scroll            |     6 |     8 |     3 |     8 ||    25
         Potion            |       |       |       |     2 ||     2
   Stab: Invisible         |       |       |       |     5 ||     5
 Armour: Robe              |     2 |       |       |       ||     2
         Ring mail         |    26 |    70 |    90 |    90 ||   276
         Leather armour    |       |    19 |       |       ||    19
         Swamp dragon scal |       |       |       |    75 ||    75
         Scale mail        |       |       |       |    78 ||    78
  Dodge: Dodged            |    32 |    74 |    97 |   235 ||   438

Table legend: (Time is in decaauts)
 A = Elapsed time spent in this place.
 B = Non-inter-level travel time spent in this place.
 C = Inter-level travel time spent in this place.
 D = Time resting spent in this place.
 E = Time spent auto-exploring this place.
 F = Levels seen in this place.
 G = Mean time per level.
                   A        B        C        D        E       F      G
               +--------+--------+--------+--------+--------+-----+--------+
         Total |  12864 |  12462 |    402 |   2556 |   7305 |  12 | 1072.0 |
       Dungeon |  12446 |  12044 |    402 |   2541 |   7128 |  11 | 1131.5 |
       Ossuary |    417 |    417 |      0 |     15 |    177 |   1 |  417.0 |
               +--------+--------+--------+--------+--------+-----+--------+

Top non-repeatable levels by time:
    D:10: 2345 daAuts
     D:9: 1600 daAuts
     D:7: 1534 daAuts
     D:5: 1461 daAuts
     D:6: 1290 daAuts
     D:2: 936 daAuts
     D:1: 834 daAuts
     D:4: 776 daAuts
     D:3: 627 daAuts
     D:8: 576 daAuts
    D:11: 462 daAuts
 Ossuary: 417 daAuts
